 Dungeon Crawl Stone Soup version 0.23.1 (webtiles) character file.

Game seed: 523660351346216970

5826 dengdeng the Protected (level 10, -1/90 HPs)
             Began as a Minotaur Berserker on Mar 1, 2019.
             Was a High Priest of Trog.
             Slain by Joseph
             ... wielding a +1 quarterstaff of speed
              (10 damage)
             ... on level 9 of the Dungeon.
             The game lasted 00:22:04 (8149 turns).

dengdeng the Protected (Minotaur Berserker)         Turns: 8149, Time: 00:22:05

Health: -1/90      AC: 10    Str: 24    XL:     10   Next: 51%
Magic:  9/9        EV: 11    Int:  6    God:    Trog [*****.]
Gold:   393        SH:  0    Dex: 11    Spells: 9/9 levels left

rFire    + . .     SeeInvis .   I - +2 battleaxe (chop)
rCold    . . .     Gourm    .   (shield currently unavailable)
rNeg     . . .     Faith    .   o - +0 plate armour
rPois    .         Spirit   .   (helmet restricted)
rElec    .         Reflect  .   A - -7 cloak "Afiwkubb" {-Cast +Blink rF+ Int+2}
rCorr    .         Harm     .   (no gloves)
MR       .....     NoCast   +   (no boots)
Stlth    ..........             (no amulet)
HPRegen  0.25/turn              r - +3 ring of evasion
MPRegen  0.11/turn              (no ring)

@: no status effects
A: retaliatory headbutt, horns 2
a: Berserk, Trog's Hand, Brothers in Arms, Renounce Religion, Evoke Blink


You were on level 9 of the Dungeon.
You worshipped Trog.
Trog was extremely pleased with you.
You were not hungry.

You visited 1 branch of the dungeon, and saw 9 of its levels.

You collected 631 gold pieces.
You spent 238 gold pieces at shops.

Inventory:

Hand Weapons
 a - a +0 hand axe
 i - a +2 whip of freezing
 s - a +3 short sword
 y - the +6 war axe of Conformity {chop, rElec rF+ rN++ Dex-4}
   (You bought it in a shop on level 5 of the Dungeon)

   It inflicts extra damage upon your enemies.
   It affects your dexterity (-4).
   It protects you from fire.
   It insulates you from electricity.
   It greatly protects you from negative energy.
 I - a +2 battleaxe of chopping (weapon)
Missiles
 g - 181 stones (quivered)
 v - 5 javelins
 x - 10 tomahawks
Armour
 l - a scarf of spirit shield
 o - a +0 plate armour (worn)
 A - the -7 cloak "Afiwkubb" (worn) {-Cast +Blink rF+ Int+2}
   (You found it on level 6 of the Dungeon)

   It affects your intelligence (+2).
   It protects you from fire.
   It lets you blink.
   It prevents spellcasting.
Magical Staves
 C - an uncursed staff of wizardry {unknown}
 G - an uncursed staff of summoning {unknown}
Jewellery
 r - a +3 ring of evasion (left hand)
 B - an uncursed ring of fire {unknown}
 D - the cursed ring of Zumeilusa {*Slow MP+9 AC-6 Dex+4 Slay+6, unknown}
   (You found it on level 7 of the Dungeon)

   [ring of protection]

   It affects your AC (-6).
   It affects your dexterity (+4).
   It affects your accuracy and damage with ranged weapons and melee attacks
   (+6).
   It affects your magic capacity (+9).
   It may slow you when you take damage.
   It has a curse placed upon it.
Wands
 F - a wand of acid (8)
Scrolls
 b - 7 scrolls of identify {unknown}
 h - 2 scrolls of fog {unknown}
 m - 3 scrolls of enchant armour {unknown}
 p - 3 scrolls of teleportation
 t - 5 scrolls of remove curse
 u - a scroll of noise {unknown}
Potions
 d - 7 potions of curing {unknown}
 e - a potion of cancellation {unknown}
 f - a potion of mutation {unknown}
 j - a potion of agility {unknown}
 k - a potion of brilliance {unknown}
 n - 3 potions of invisibility {unknown}
 q - a potion of flight {unknown}
 w - a potion of lignification {unknown}
 z - a potion of heal wounds {unknown}
 E - a potion of degeneration {unknown}
Comestibles
 c - 16 rations
 H - 4 chunks of flesh


   Skills:
 * Level 8.6 Fighting
 + Level 4.5 Short Blades
 + Level 9.9(10.3) Axes
 + Level 4.4(7.7) Maces & Flails
 + Level 1.3 Throwing
 * Level 12.3 Armour
 + Level 2.8 Dodging
 + Level 0.7 Stealth


You had 9 spell levels left.
You didn't know any spells.
Your spell library was empty.

Dungeon Overview and Level Annotations

Branches:
Dungeon (9/15)             Temple (0/1) D:6            Lair (0/6) D:8
    Orc: D:9-12

Altars:
Ashenzari
Dithmenos
Fedhas
Gozag
Okawaru
Qazlal
Ru
Trog
Uskayaw
Xom
Yredelemnul
Zin
The Shining One

Shops:
D:4 :   D:5 (*   D:7 %

Annotations:
D:9 Joseph


Innate Abilities, Weirdness & Mutations

You reflexively headbutt those who attack you in melee.
You have a pair of horns on your head.


Message History

You see here a stone.
You hit the centaur skeleton. You headbutt the centaur skeleton.
You destroy the centaur skeleton!
Trog accepts your kill.
Joseph shoots a sling bullet.
The sling bullet hits you!
* * * LOW HITPOINT WARNING * * *
The crimson imp throws a stone.
The stone closely misses you.
You hit the orc.
The orc is heavily wounded.
Joseph unwields a +0 hunting sling.
Joseph wields a +1 quarterstaff of speed.
Joseph hits you with a +1 quarterstaff of speed.
* * * LOW HITPOINT WARNING * * *
The orc hits you but does no damage.
You closely miss the orc. You headbutt the orc.
You kill the orc!
Trog accepts your kill.
You slash Joseph!
The crimson imp blinks!
Joseph hits you but does no damage.
Joseph hits you with a +1 quarterstaff of speed!
You die...

#...########
#....(.....#### #####
#......)......#####...#####
#.............#...#........
..........5...#...#........
#.....(ยง.....#...#........
##.......(....#...#........
..........@................
..(...))(.@(......#.#....#
#......[()..((...........#
#........(...#(..#<......#
...##.#......#...........#
... #.#....(.........#...#
.. ..###............#...#
... #.............#...# ..
.....................
##.............##.###


You could see Joseph and a crimson imp.

Vanquished Creatures
  A two-headed ogre (D:9)
  Psyche (D:8)
  Sigmund (D:3)
  A yak (D:8)
  A wyvern (D:9)
  2 hungry ghosts (D:8)
  A water moccasin (D:6)
  3 porcupines (D:8)
  3 black bears (D:8)
  2 ice beasts
  3 orc warriors
  A phantom (D:5)
  3 sky beasts
  An ogre (D:7)
  3 centaurs (D:8)
  4 bullfrogs
  A wyvern skeleton (D:7)
  A water moccasin skeleton (D:7)
  4 scorpions
  3 killer bees (D:8)
  2 howler monkeys
  10 wights
  An electric eel (D:6)
  2 crimson imps (D:9)
  2 centaur zombies
  5 hounds
  2 jellies
  7 orc wizards
  A centaur skeleton (D:9)
  6 orc priests
  Jessica (D:3)
  2 iguanas
  4 worker ants
  A hound skeleton (D:6)
  A worker ant zombie (D:5)
  7 gnolls
  2 adders
  4 shadow imps
  An ooze (D:1)
  2 adder skeletons
  An adder zombie (D:9)
  2 worms
  A dart slug (D:3)
  7 leopard geckos
  17 orcs
  A ball python (D:3)
  2 giant cockroaches
  3 goblins
  8 hobgoblins
  13 jackals
  6 kobolds
  A quokka (D:3)
  9 bats
  13 frilled lizards
  A leopard gecko skeleton (D:6)
  A quokka skeleton (D:4)
  7 rats
  2 fungi (D:8)
198 creatures vanquished.

Vanquished Creatures (others)
  32 fungi (D:8)
  2 plants (D:8)
34 creatures vanquished.

Grand Total: 232 creatures vanquished

Notes
Turn   | Place    | Note
-------+----------+-------------------------------------------
     0 | D:1      | dengdeng the Minotaur Berserker began the quest for the
                  | Orb.
     0 | D:1      | Reached XP level 1. HP: 19/19 MP: 0/0
     6 | D:1      | Noticed a hound
     6 | D:1      | Noticed an anaconda
     7 | D:1      | Noticed a polar bear
     7 | D:1      | Noticed a rime drake
   341 | D:1      | Reached XP level 2. HP: 22/27 MP: 1/1
   721 | D:1      | Reached XP level 3. HP: 28/34 MP: 2/2
   981 | D:2      | Reached ** piety under Trog
  1061 | D:2      | Reached skill level 3 in Armour
  1556 | D:3      | Reached skill level 1 in Maces & Flails
  1556 | D:3      | Reached XP level 4. HP: 38/41 MP: 3/3
  1832 | D:3      | Reached skill level 5 in Fighting
  1847 | D:3      | Reached XP level 5. HP: 16/48 MP: 2/4
  2099 | D:3      | Noticed Sigmund
  2105 | D:3      | Killed Sigmund
  2105 | D:3      | Reached skill level 4 in Armour
  2105 | D:3      | Reached XP level 6. HP: 56/56 MP: 5/5
  2196 | D:3      | Found a shimmering altar of Xom.
  2276 | D:3      | Found a bloodstained altar of Trog.
  2342 | D:3      | Noticed Jessica
  2347 | D:3      | Killed Jessica
  2485 | D:3      | Reached *** piety under Trog
  2501 | D:3      | Found an opulent altar of Gozag.
  2872 | D:4      | Reached skill level 5 in Armour
  3049 | D:4      | Reached skill level 1 in Short Blades
  3176 | D:4      | Reached XP level 7. HP: 57/62 MP: 4/6
  3228 | D:4      | Found Iptot's Book Boutique.
  3675 | D:5      | Entered Level 5 of the Dungeon
  3678 | D:5      | Found Nieclad's General Store.
  3690 | D:5      | Found a blossoming altar of Fedhas.
  3692 | D:5      | Found a basalt altar of Yredelemnul.
  3712 | D:5      | Found a glowing silver altar of Zin.
  3728 | D:5      | Found a glowing golden altar of the Shining One.
  3735 | D:5      | Found an iron altar of Okawaru.
  3736 | D:5      | Reached skill level 6 in Armour
  4043 | D:5      | Found Lepunim's Antique Weapon Shop.
  4055 | D:5      | Bought a transparent war axe for 238 gold pieces
  4055 | D:5      | Identified the +6 war axe of Conformity {chop, rElec rF+
                  | rN++ Dex-4} (You bought it in a shop on level 5 of the
                  | Dungeon)
  4104 | D:5      | Found a hide-covered altar of Uskayaw.
  4104 | D:5      | Found a shadowy altar of Dithmenos.
  4105 | D:5      | Found a sacrificial altar of Ru.
  4178 | D:5      | Found a stormy altar of Qazlal.
  4264 | D:6      | Reached XP level 8. HP: 70/70 MP: 7/7
  4314 | D:6      | Reached skill level 7 in Armour
  4734 | D:6      | Found a staircase to the Ecumenical Temple.
  4865 | D:6      | Got a faintly glowing cloak
  4876 | D:6      | Identified the cursed -7 cloak "Afiwkubb" {-Cast +Blink rF+
                  | Int+2} (You found it on level 6 of the Dungeon)
  4892 | D:6      | Reached skill level 5 in Axes
  4895 | D:6      | Reached **** piety under Trog
  4895 | D:6      | Reached skill level 8 in Armour
  5020 | D:6      | You fall through a shaft for 2 floors!
  5078 | D:7      | Reached skill level 1 in Throwing
  5209 | D:7      | Reached skill level 9 in Armour
  5290 | D:7      | Found Qaorino's Food Shop.
  5299 | D:7      | Reached XP level 9. HP: 79/79 MP: 8/8
  5340 | D:7      | Got a smoking ivory ring
  5869 | D:7      | Found a shattered altar of Ashenzari.
  6621 | D:8      | Found a staircase to the Lair.
  6625 | D:8      | Reached skill level 10 in Armour
  6722 | D:8      | Reached skill level 11 in Armour
  6926 | D:8      | Reached XP level 10. HP: 32/88 MP: 9/9
  7193 | D:8      | Noticed Psyche
  7198 | D:8      | Killed Psyche
  7647 | D:9      | Noticed a two-headed ogre
  7658 | D:9      | Killed a two-headed ogre
  7658 | D:9      | Reached skill level 12 in Armour
  8132 | D:9      | Noticed Joseph
  8138 | D:9      | Reached ***** piety under Trog
  8149 | D:9      | Slain by Joseph

Skill      XL: |  1  2  3  4  5  6  7  8  9 10 |
---------------+-------------------------------+-----
Fighting       | 4 5 6 7 8 |  8.6
Axes           | 4 6 8 9 |  9.9
Armour         | 3 4 5 6 9 11 12 | 12.3
Maces & Flails | 1 2 3 4 |  4.4
Short Blades   | 1 3 4 |  4.5
Throwing       | 1 |  1.3
Dodging        | |  2.8
Stealth        | |  0.7

Action                   |  1- 3 |  4- 6 |  7- 9 | 10-12 || total
-------------------------+-------+-------+-------+-------++-------
Melee: Hand axe          |    39 |       |       |       ||    39
       Headbutt          |    12 |    11 |    47 |    10 ||    80
       Whip              |    58 |    33 |       |       ||    91
       Short sword       |       |    60 |    69 |       ||   129
       War axe           |       |       |   164 |    42 ||   206
       Battleaxe         |       |       |       |    17 ||    17
Throw: Stone             |       |       |    17 |    17 ||    34
Invok: Berserk           |       |     1 |       |     1 ||     2
  Use: Scroll            |       |       |     2 |       ||     2
  Eat: Chunk             |     2 |     6 |    10 |     6 ||    24
       Ration            |       |       |     1 |       ||     1
Armor: Animal skin       |     6 |       |       |       ||     6
       Ring mail         |    14 |       |       |       ||    14
       Plate armour      |     1 |    44 |   109 |    40 ||   194
Dodge: Dodged            |    58 |    39 |   131 |    42 ||   270
